 Dungeon Crawl Stone Soup version 0.26-a0-812-g31a745ddcd (webtiles) character file.

Game seed: 294076392246896535

84 Giavanni the Chopper (level 4, 0/40 HPs)
             Began as a Minotaur Fighter on Nov 13, 2020.
             Slain by Crazy Yiuf
             ... wielding a +4 quarterstaff of chaos
              (4 damage)
             ... on level 2 of the Dungeon.
             The game lasted 00:01:53 (1604 turns).

Giavanni the Chopper (Minotaur Fighter)             Turns: 1604, Time: 00:01:54

Health: 0/40       AC: 10    Str: 21    XL:     4   Next: 24%
Magic:  3/3        EV:  5    Int:  5    God:
Gold:   78         SH:  9    Dex: 10    Spells: 3/3 levels left

rFire    . . .     SeeInvis .   a - +0 war axe
rCold    . . .     Faith    .   c - +0 kite shield
rNeg     . . .     Spirit   .   l - +0 chain mail (curse)
rPois    .         Reflect  .   (helmet restricted)
rElec    .         Harm     .   (no cloak)
rCorr    .         Rampage  .   o - +0 pair of gloves
MR       .....                  (no boots)
Stlth    ..........             (no amulet)
HPRegen  0.13/turn              (no ring)
MPRegen  0.08/turn              (no ring)

@: mighty
A: retaliatory headbutt, horns 2
a: no special abilities


You were on level 2 of the Dungeon.
You visited 1 branch of the dungeon, and saw 2 of its levels.

You collected 78 gold pieces.

Inventory:

Hand Weapons
 a - a +0 war axe (weapon)
Armour
 b - a +0 scale mail
 c - a +0 kite shield (worn)
 l - a cursed +0 chain mail (worn)
 o - a +0 pair of gloves (worn)
Jewellery
 k - an uncursed ring of ice {unknown}
Scrolls
 f - 3 scrolls of remove curse {unknown}
 g - 2 scrolls of immolation {unknown}
 h - a scroll of amnesia {unknown}
 i - a scroll of blinking {unknown}
 j - a scroll of enchant weapon {unknown}
 m - 3 scrolls of identify {unknown}
Potions
 d - 3 potions of might
 e - 2 potions of lignification {unknown}
 n - 2 potions of mutation {unknown}
 p - 2 potions of ambrosia {unknown}
 q - a potion of haste {unknown}
 r - a potion of curing {unknown}


   Skills:
 - Level 3.7 Fighting
 + Level 5.2 Axes
 - Level 3.7 Armour
 - Level 3.7 Shields


You had 3 spell levels left.
You didn't know any spells.
Your spell library was empty.

Dungeon Overview and Level Annotations

Branches:
Dungeon (2/15)

Altars:
Dithmenos
Gozag
Uskayaw

Annotations:
D:2 Crazy Yiuf


Innate Abilities, Weirdness & Mutations

You reflexively headbutt those who attack you in melee.
You have a pair of horns on your head.


Message History

You are too injured to fight recklessly!
You are too injured to fight recklessly!
You are too injured to fight recklessly!
You are too injured to fight recklessly!
You are too injured to fight recklessly!
You are too injured to fight recklessly!
You are too injured to fight recklessly!
You are too injured to fight recklessly!
You are too injured to fight recklessly!
You are too injured to fight recklessly!
You are too injured to fight recklessly!
You are too injured to fight recklessly!
You are too injured to fight recklessly!
You are too injured to fight recklessly!
You feel very mighty all of a sudden. You block Crazy Yiuf's attack.
You slash Crazy Yiuf!
Crazy Yiuf is almost dead.
Crazy Yiuf hits you with a +4 quarterstaff of chaos.
You die...

#..####.####....
#...............
#.#.##.........>
########........
#.....<..
♣♣♣♣♣##...#...<
###
♣♣♣.♣......####).
#...#♣..♣.......#
#.#
#...g@♣♣♣♣......#
#.# #)..#♣♣
♣♣....## #.. ###
♣♣#### ###


You could see Crazy Yiuf.

Vanquished Creatures
  An adder (D:2)
  2 oozes (D:1)
  2 worms (D:2)
  4 dart slugs
  11 bats
  2 giant cockroaches (D:1)
  8 goblins
  7 hobgoblins
  A ball python (D:1)
  2 frilled lizards (D:1)
  7 kobolds
  6 rats (D:1)
53 creatures vanquished.

Notes
Turn   | Place    | Note
-------+----------+-------------------------------------------
     0 | D:1      | Giavanni the Minotaur Fighter began the quest for the Orb.
     0 | D:1      | Reached XP level 1. HP: 19/19 MP: 0/0
    67 | D:1      | Reached XP level 2. HP: 27/27 MP: 1/1
    71 | D:1      | Reached skill level 3 in Axes
   315 | D:1      | Reached XP level 3. HP: 28/33 MP: 2/2
   316 | D:1      | Reached skill level 4 in Axes
   358 | D:1      | Found an opulent altar of Gozag.
  1117 | D:2      | Reached XP level 4. HP: 31/40 MP: 3/3
  1119 | D:2      | Reached skill level 5 in Axes
  1235 | D:2      | Found a runed translucent door.
  1236 | D:2      | Noticed Crazy Yiuf
  1249 | D:2      | Found a hide-covered altar of Uskayaw.
  1290 | D:2      | Found a shadowy altar of Dithmenos.
  1604 | D:2      | Slain by Crazy Yiuf

Illustrated notes

Levels and vault maps discovered:
D:1:      lightli_arrival_chessboard, layout_loops_corners, st_stairs_4,
          minmay_hexomino_r4
D:2:      layout_rooms, nicolae_dithmenos_shadow_blocks, old_standard_altar,
          uniq_crazy_yiuf_cottage

Skill      XL: |  1  2  3  4 |
---------------+-------------+-----
Axes           | 3 4 5 |  5.2
Fighting       | |  3.7
Armour         | |  3.7
Shields        | |  3.7

Action                   |  1- 3 |  4- 6 || total
-------------------------+-------+-------++-------
Melee: War axe           |   113 |    23 ||   136
       Headbutt          |     9 |     5 ||    14
  Use: Potion            |       |     1 ||     1
Armor: Scale mail        |    28 |       ||    28
       Chain mail        |    32 |     4 ||    36
Dodge: Dodged            |    26 |     2 ||    28
Block: Kite shield       |    63 |    15 ||    78

Table legend: (Time is in decaauts)
 A = Elapsed time spent in this place.
 B = Non-inter-level travel time spent in this place.
 C = Inter-level travel time spent in this place.
 D = Time resting spent in this place.
 E = Time spent auto-exploring this place.
 F = Levels seen in this place.
 G = Mean time per level.
                   A        B        C        D        E       F      G
               +--------+--------+--------+--------+--------+-----+--------+
         Total |   1651 |   1601 |     50 |      0 |   1251 |   2 |  825.5 |
       Dungeon |   1651 |   1601 |     50 |      0 |   1251 |   2 |  825.5 |
               +--------+--------+--------+--------+--------+-----+--------+

Top non-repeatable levels by time:
     D:1: 868 daAuts
     D:2: 782 daAuts
